 Dungeon Crawl Stone Soup version 0.31-a0-426-g3a05650e59 (webtiles) character file.

Game seed: 14176056920549625404

681 randomguy2701 the Chopper (level 7, -4/61 HPs)
             Began as a Minotaur Fighter on July 30, 2023.
             Killed from afar by Dowan (20 damage)
             ... with a shard of ice
             ... on level 4 of the Dungeon.
             The game lasted 00:02:49 (2530 turns).

randomguy2701 the Chopper (Minotaur Fighter)        Turns: 2530, Time: 00:02:50

Health: -4/61      AC: 10    Str: 21    XL:     7   Next: 34%
Magic:  6/6        EV:  8    Int:  5    God:
Gold:   158        SH:  5    Dex: 11    Spells: 6/6 levels left

rFire   . . .        a - +0 war axe
rCold   . . .        c - +0 buckler
rNeg    . . .        n - +0 chain mail
rPois   .            (helmet restricted)
rElec   .            (no cloak)
rCorr   .            (no gloves)
SInv    .            (no boots)
Will    .....        (no amulet) Stlth
                     (no ring)
HPRegen 0.30/turn    (no ring)
MPRegen 0.10/turn

%: no passive effects
@: mighty
A: horns 2, retaliatory headbutt
a: no special abilities


You were on level 4 of the Dungeon.
You visited 1 branch of the dungeon, and saw 4 of its levels.

You collected 158 gold pieces.

Inventory:

Hand Weapons
 a - a +0 war axe (weapon)
Armour
 b - a +0 scale mail
 c - a +0 buckler (worn)
 n - a +0 chain mail (worn)
Jewellery
 j - an amulet of guardian spirit
Wands
 l - a wand of quicksilver (13)
Scrolls
 e - 3 scrolls of identify {unknown}
 g - a scroll of teleportation {unknown}
 h - 4 scrolls of poison {unknown}
 m - a scroll of torment {unknown}
Potions
 d - a potion of might
 f - a potion of lignification {unknown}
 i - a potion of curing {unknown}
 k - a potion of brilliance {unknown}


   Skills:
 + Level 5.2 Fighting
 + Level 7.4 Axes
 + Level 5.5 Armour
 + Level 1.4 Dodging
 + Level 0.6 Stealth
 + Level 4.4 Shields


You had 6 spell levels left.
You didn't know any spells.
Your spell library was empty.

Dungeon Overview and Level Annotations

Branches:
Dungeon (4/15)
 Temple: D:4-7

Altars:

Annotations:
D:4 Dowan


Innate Abilities, Weirdness & Mutations

You have a pair of horns on your head.
You reflexively headbutt those who attack you in melee.


Message History

Duvessa barely misses you. You furiously retaliate!
You headbutt Duvessa! You closely miss Grinder. You headbutt Grinder.
You kill Grinder!
You slash Duvessa! Duvessa hits you with a +0 short sword!
Your Fighting skill increases to level 5!
Your Axes skill increases to level 7!
Your Armour skill increases to level 5!
You have reached level 7!
You slash Duvessa! You headbutt Duvessa, but do no damage.
Duvessa is severely wounded.
Duvessa hits you but does no damage.
You hit Duvessa.
Duvessa is severely wounded.
Duvessa hits you with a +0 short sword.
You completely miss Duvessa.
Duvessa is severely wounded.
Duvessa hits you but does no damage.
Dowan, Brother of Duvessa comes into view.
He is wielding a +0 dagger, wearing a +0 robe of willpower and carrying a wand of flame.
Dowan shouts!
You hit Duvessa. You headbutt Duvessa!
You kill Duvessa!
Dowan's eyes darken. "You have made a grave mistake."
Dowan seems to find hidden reserves of power!
Unknown command.
Dowan points at you and mumbles some strange words.
The stone arrow hits you!
Dowan zaps a wand.
The puff of flame hits you!
Dowan zaps a wand.
The puff of flame hits you but does no damage.
Dowan zaps a wand.
The puff of flame misses you.
You see here a +0 flail.
You feel very mighty all of a sudden.
Dowan zaps a wand.
The puff of flame hits you!
* * * LOW HITPOINT WARNING * * *
You block Dowan's attack.
Dowan zaps a wand.
The puff of flame hits you.
* * * LOW HITPOINT WARNING * * *
You barely miss Dowan. You headbutt Dowan.
Dowan is lightly wounded.
Dowan gestures at you while chanting. The shard of ice hits you!!
You die...

......e##.#.#
............#
.#####.##.### .. #.
#.# ..# ## #.# ....
..... # #e# ....
.....########.# ..##
#..#.....)##.#
..#~.~#.....###.@e.#
..#~~b#.........####
..#~bb#..#.....##
..#####..#....##
.............##
.............#
.............#
.............###
...............#


You could see Dowan (fast).

Vanquished Creatures
  Grinder (D:4)
  Sigmund (D:3)
  Duvessa (D:4)
  A scorpion (D:4)
  2 iguanas
  6 adders
  A worm (D:2)
  2 dart slugs (D:1)
  5 orcs
  3 ball pythons
  8 bats
  7 endoplasms
  4 giant cockroaches
  5 hobgoblins
  2 quokkas
  5 frilled lizards
  3 goblins
  2 kobolds (D:1)
  6 rats
65 creatures vanquished.

Notes
Turn   | Place    | Note
-------+----------+-------------------------------------------
     0 | D:1      | randomguy2701 the Minotaur Fighter began the quest for the
                  | Orb.
     0 | D:1      | Reached XP level 1. HP: 19/19 MP: 0/0
   287 | D:1      | Reached XP level 2. HP: 27/27 MP: 1/1
   933 | D:1      | Reached XP level 3. HP: 33/33 MP: 2/2
   998 | D:2      | Reached skill level 3 in Axes
  1071 | D:2      | Found a faded altar of an unknown god.
  1526 | D:2      | Reached XP level 4. HP: 40/40 MP: 3/3
  1710 | D:3      | Reached skill level 4 in Axes
  1791 | D:3      | Noticed Sigmund
  1802 | D:3      | Killed Sigmund
  1803 | D:3      | Reached skill level 5 in Axes
  1803 | D:3      | Reached skill level 1 in Dodging
  1803 | D:3      | Reached XP level 5. HP: 10/47 MP: 4/4
  1803 | D:3      | Reached XP level 6. HP: 11/53 MP: 5/5
  2298 | D:4      | Reached skill level 6 in Axes
  2503 | D:4      | Noticed Grinder
  2505 | D:4      | Paralysed by Grinder for 3 turns
  2507 | D:4      | Noticed Duvessa
  2513 | D:4      | Killed Grinder
  2514 | D:4      | Reached skill level 5 in Fighting
  2514 | D:4      | Reached skill level 7 in Axes
  2514 | D:4      | Reached skill level 5 in Armour
  2514 | D:4      | Reached XP level 7. HP: 38/61 MP: 6/6
  2516 | D:4      | Noticed Dowan
  2517 | D:4      | Killed Duvessa
  2530 | D:4      | Killed from afar by Dowan

Illustrated notes

Levels and vault maps discovered:
D:1:      dpeg_chamrin_arrival_tetris, layout_basic,
          chequers_serial_rivers_room_a
D:2:      layout_loops_cross, hellmonk_ecumenical_altar_slurped_away
D:3:      layout_basic, serial_glass, glass_columns_b, glass_columns_b,
          glass_columns_a, glass_columns_a, glass_columns_b,
          hangedman_feature_mirror, uniq_sigmund
D:4:      layout_basic, mainiacjoe_overflow_alcove_4, serial_aquarium,
          aquarium_bridge_long_joined [aquarium_subvault_wall,
          aquarium_subvault_bridge, aquarium_subvault_bridge,
          aquarium_subvault_wall, aquarium_subvault_bridge,
          aquarium_subvault_bridge], aquarium_window_fake, aquarium_window_2,
          aquarium_window_1, aquarium_view_2c, aquarium_pool_2, uniq_pikel,
          uniq_duvessa, uniq_grinder

Skill      XL: |  1  2  3  4  5  6 |
---------------+-------------------+-----
Armour         | 4 5 |  5.5
Fighting       | 4 5 |  5.2
Shields        | 4 |  4.4
Axes           | 3 5 7 |  7.4
Dodging        | 1 |  1.4
Stealth        | |  0.6

Action                     |  1- 3 |  4- 6 |  7- 9 || total
---------------------------+-------+-------+-------++-------
  Melee: War axe           |    68 |    56 |     5 ||   129
         Headbutt          |     7 |    17 |     3 ||    27
    Use: Potion            |       |       |     1 ||     1
 Armour: Scale mail        |    38 |    12 |       ||    50
         Chain mail        |       |     6 |     3 ||     9
  Dodge: Dodged            |    31 |    23 |     1 ||    55
  Block: Buckler           |    11 |     9 |     1 ||    21

Table legend: (Time is in decaauts)
 A = Elapsed time spent in this place.
 B = Non-inter-level travel time spent in this place.
 C = Inter-level travel time spent in this place.
 D = Time resting spent in this place.
 E = Time spent auto-exploring this place.
 F = Levels seen in this place.
 G = Mean time per level.
                   A        B        C        D        E       F      G
               +--------+--------+--------+--------+--------+-----+--------+
         Total |   2570 |   2488 |     82 |      0 |   2111 |   4 |  642.5 |
       Dungeon |   2570 |   2488 |     82 |      0 |   2111 |   4 |  642.5 |
               +--------+--------+--------+--------+--------+-----+--------+

Top non-repeatable levels by time:
     D:1: 1006 daAuts
     D:2: 669 daAuts
     D:3: 652 daAuts
     D:4: 241 daAuts
